 Dungeon Crawl Stone Soup version 0.21.1-1-g345015fe64 (webtiles) character file.

271 RUZZLEFAZAZZLE the Firebug (level 6, -2/41 HPs)
             Began as a Human Fire Elementalist on Feb 6, 2018.
             Slain by a crimson imp (3 damage)
             ... on level 3 of the Dungeon.
             The game lasted 00:13:02 (3882 turns).

RUZZLEFAZAZZLE the Firebug (HuFE)                   Turns: 3882, Time: 00:13:03

Health: -2/41      AC:  2    Str: 10    XL:     6   Next: 47%
Magic:  10/10      EV: 12    Int: 15    God:
Gold:   70         SH:  0    Dex: 14    Spells: 10/11 levels left

rFire    . . .     SeeInvis .   e - +1 dagger
rCold    + . .     Gourm    .   (no shield)
rNeg     . . .     Faith    .   f - +0 robe
rPois    .         Spirit   .   (no helmet)
rElec    .         Reflect  .   (no cloak)
rCorr    .         Harm     .   (no gloves)
MR       +....                  (no boots)
Stlth    ++........             (no amulet)
HPRegen  0.13/turn              d - ring of protection from cold
MPRegen  0.12/turn              j - ring of protection from magic

@: no status effects
A: no striking features
a: no special abilities


You were on level 3 of the Dungeon.
You were hungry.

You visited 1 branch of the dungeon, and saw 3 of its levels.

You collected 70 gold pieces.

Inventory:

Hand Weapons
 e - a +1 dagger (weapon)
Armour
 f - a +0 robe (worn)
Jewellery
 d - a ring of protection from cold (left hand)
 j - a ring of protection from magic (right hand)
Scrolls
 g - a scroll of identify
 h - a scroll of immolation
Books
 b - a book of Flames

   Spells                             Type                      Level
   a - Flame Tongue                   Conjuration/Fire             1
   b - Throw Flame                    Conjuration/Fire             2
   c - Conjure Flame                  Conjuration/Fire             3
   d - Inner Flame                    Hexes/Fire                   3
   e - Sticky Flame                   Conjuration/Fire             4
   f - Fireball                       Conjuration/Fire             5
Comestibles
 c - 5 rations


   Skills:
 - Level 2.0 Dodging
 - Level 2.0 Stealth
 + Level 3.3 Spellcasting
 + Level 3.0 Conjurations
 * Level 5.2 Fire Magic


You had 10 spell levels left.
You knew the following spells:

 Your Spells              Type           Power        Failure   Level  Hunger
a - Flame Tongue          Conj/Fire      ##...        3%          1    #......


Dungeon Overview and Level Annotations

Branches:
Dungeon (3/15)

Altars:
Cheibriados
Qazlal


Message History

The crimson imp hits you but does no damage.
You hit the crimson imp.
The crimson imp is lightly wounded.
The crimson imp hits you but does no damage.
You hit the crimson imp.
The crimson imp is moderately wounded.
The crimson imp hits you.
* * * LOW HITPOINT WARNING * * *
You closely miss the crimson imp.
The crimson imp is moderately wounded.
The crimson imp hits you.
* * * LOW HITPOINT WARNING * * *
Casting: Flame Tongue
Confirm with . or Enter, or press ? or * to list all spells.
You can't see any susceptible monsters within range! (Use Z to cast anyway.) Unknown command.
The crimson imp hits you.
* * * LOW HITPOINT WARNING * * *
The crimson imp hits you.
You die...

##### ##...# ########
#.._.######......#
#...........####.#######
#.#..######## #.......#
##...###...# #######.. #...##
#...# ##. ###.### #.))# #.
#######...# #@..## ## ......#.###
#[5..### .####...########......#
..............##...##.### #######
......#######.##)..##...###......
#####...[......#...####.##..#####
####''####...............#
##≈§§§.§§≈##...>......###.# ##
##≈≈≈≈§.≈≈≈≈##..#####...##.# #.


You could see a crimson imp.

Vanquished Creatures
  Sigmund (D:3)
  An orc wizard (D:3)
  A gnoll (D:3)
  An adder (D:3)
  An ooze (D:1)
  2 worms
  2 dart slugs
  2 leopard geckos
  4 orcs (D:3)
  6 bats
  2 giant cockroaches
  9 goblins
  9 hobgoblins
  4 jackals (D:2)
  2 quokkas
  A ball python (D:3)
  2 frilled lizards
  2 rats
52 creatures vanquished.

Vanquished Creatures (others)
  A ghoul (D:1)
  2 draconians (D:1)
  A troll (D:1)
  A formicid (D:1)
  A spriggan (D:1)
  A naga (D:1)
  3 dwarves (D:1)
  An ogre (D:1)
  An orc (D:1)
  10 tentacles (D:1)
22 creatures vanquished.

Grand Total: 74 creatures vanquished

Notes
Turn   | Place    | Note
-------+----------+-------------------------------------------
     0 | D:1      | RUZZLEFAZAZZLE the Human Fire Elementalist began the quest for the Orb.
     0 | D:1      | Reached XP level 1. HP: 13/13 MP: 3/3
     0 | D:1      | Noticed a draconian
     0 | D:1      | Noticed a troll
     0 | D:1      | Noticed a naga
     0 | D:1      | Noticed a dwarf
     0 | D:1      | Noticed a kraken
     0 | D:1      | Noticed an ogre
     0 | D:1      | Noticed a dwarf
     0 | D:1      | Noticed a draconian
     0 | D:1      | Noticed a ghoul
     0 | D:1      | Noticed a dwarf
     0 | D:1      | Noticed a formicid
     0 | D:1      | Noticed a spriggan
     6 | D:1      | Killed a dwarf
    10 | D:1      | Killed a draconian
    18 | D:1      | Killed a troll
    18 | D:1      | Killed a dwarf
    20 | D:1      | Killed a naga
    22 | D:1      | Killed a ghoul
    22 | D:1      | Killed an ogre
    23 | D:1      | Killed a spriggan
    23 | D:1      | Killed a dwarf
    24 | D:1      | Killed a formicid
    25 | D:1      | Killed a draconian
   468 | D:1      | Reached XP level 2. HP: 19/19 MP: 0/5
   912 | D:1      | Reached XP level 3. HP: 24/24 MP: 4/6
  1388 | D:2      | Reached XP level 4. HP: 26/30 MP: 3/7
  1558 | D:3      | Noticed a water elemental
  1560 | D:3      | Found a stormy altar of Qazlal.
  1561 | D:3      | Noticed a fire elemental
  1561 | D:3      | Noticed an air elemental
  1561 | D:3      | Noticed an earth elemental
  1622 | D:3      | Found a snail-covered altar of Cheibriados.
  1676 | D:3      | Reached skill level 4 in Fire Magic
  2036 | D:3      | Reached XP level 5. HP: 35/35 MP: 7/9
  2043 | D:3      | Noticed Sigmund
  3010 | D:3      | Killed Sigmund
  3010 | D:3      | Reached skill level 5 in Fire Magic
  3010 | D:3      | Reached XP level 6. HP: 41/41 MP: 1/10
  3880 | D:3      | HP: 2/41 [crimson imp (2)]
  3882 | D:3      | Slain by a crimson imp

Skill      XL: |  1  2  3  4  5 |
---------------+----------------+-----
Conjurations   | 2 3 |  3.0
Fire Magic     | 4 5 |  5.2
Spellcasting   | 3 |  3.3
Dodging        | |  2.0
Stealth        | |  2.0

Action                   |  1- 3 |  4- 6 || total
-------------------------+-------+-------++-------
Melee: Dagger            |    27 |   186 ||   213
 Cast: Flame Tongue      |    50 |    76 ||   126
  Use: Scroll            |     2 |     2 ||     4
       Potion            |       |     3 ||     3
 Stab: Sleeping          |     1 |       ||     1
  Eat: Chunk             |     2 |     2 ||     4
       Ration            |       |     2 ||     2
Armor: Robe              |     5 |    39 ||    44
Dodge: Dodged            |    28 |   155 ||   183
